 Dungeon Crawl Stone Soup version 0.26-a0-834-g69557b85cc (webtiles) character file.

Game seed: 6677767108013480313

282 marklar909 the Insei (level 6, -5/52 HPs)
             Began as a Draconian Transmuter on Nov 17, 2020.
             Killed by nerve-wracking pain
             ... invoked by an orc priest
              (8 damage)
             ... on level 4 of the Dungeon.
             The game lasted 00:04:42 (3499 turns).

marklar909 the Insei (Draconian Transmuter)         Turns: 3499, Time: 00:04:43

Health: -5/52      AC:  7    Str: 13    XL:     6   Next: 6%
Magic:  7/9        EV: 13    Int: 13    God:
Gold:   147        SH:  0    Dex: 13    Spells: 3/9 levels left

rFire    . . .     SeeInvis .     - Unarmed
rCold    + . .     Faith    +   (no shield)
rNeg     . . .     Spirit   .   (armour unavailable)
rPois    .         Reflect  .   (helmet currently unavailable)
rElec    .         Harm     .   (no cloak)
rCorr    .         Rampage  .   k - +0 pair of gloves
MR       .....                  (boots currently unavailable)
Stlth    +.........             i - amulet of faith
HPRegen  0.17/turn              e - ring of protection from cold
MPRegen  0.11/turn              (no ring)

@: about to teleport, appendages (expiring)
A: unfitting armour, horns 2, talons 2, cold-blooded, AC +6
a: End Transformation


You were on level 4 of the Dungeon.
You had grown temporary horns.
You had grown temporary talons.
You visited 1 branch of the dungeon, and saw 4 of its levels.

You collected 147 gold pieces.

Inventory:

Armour
 k - a +0 pair of gloves (worn)
Jewellery
 e - a ring of protection from cold (left hand)
 i - an amulet of faith (around neck)
 l - an uncursed amulet of regeneration {unknown}
 r - an uncursed ring of resist corrosion {unknown}
Scrolls
 a - 4 scrolls of identify {unknown}
 b - 2 scrolls of teleportation
 f - a scroll of fear {unknown}
 h - 2 scrolls of remove curse {unknown}
 j - 2 scrolls of enchant armour {unknown}
 n - a scroll of amnesia {unknown}
 p - a scroll of immolation {unknown}
 s - a scroll of enchant weapon {unknown}
Potions
 c - a potion of ambrosia {unknown}
 d - 2 potions of curing {unknown}
 g - a potion of haste {unknown}
 m - a potion of attraction {unknown}
 o - a potion of cancellation {unknown}
 q - a potion of berserk rage {unknown}


   Skills:
 * Level 3.6 Fighting
 * Level 3.7 Dodging
 + Level 3.9 Unarmed Combat
 - Level 2.1 Spellcasting
 + Level 3.0 Transmutations


You had 3 spell levels left.
You knew the following spells:

 Your Spells              Type           Power        Failure   Level
a - Beastly Appendage     Tmut           #.....       7%          1
b - Wereblood             Tmut           #.......     11%         2
c - Spider Form           Tmut/Pois      #.........   38%         3

Your spell library contained the following spells:

 Spells                   Type           Power        Failure   Level
 Ice Form                 Ice/Tmut       #.......     80%         4
 Blade Hands              Tmut           #.........   89%         5


Dungeon Overview and Level Annotations

Branches:
Dungeon (4/15)
 Temple: D:4-7

Altars:


Innate Abilities, Weirdness & Mutations

Your plain brown scales are hard. (AC +6)
You cannot fit into any form of body armour.
You are cold-blooded and may be slowed by cold attacks.
You have a pair of horns on your head.
You have razor-sharp toenails.


Message History

Beogh smites you!
An orc priest comes into view. It is wielding a +0 dagger.
Your magical contamination has completely faded away.
You hit the orc.
You kill the orc!
Your transformation is almost over.
You hit the orc priest but do no damage.
The orc priest calls down the wrath of Beogh upon you.
Beogh smites you!
The orc priest looks braver for a moment.
You are too injured to fight recklessly!
Unknown command.
As you read the scroll labelled QUESIGO RAMAMU, it crumbles to dust.
You feel strangely unstable.
It was a scroll of teleportation.
The orc priest mumbles some strange prayers to Beogh against you.
Beogh smites you!
* * * LOW HITPOINT WARNING * * *
The orc priest mumbles some strange prayers to Beogh against you.
Pain shoots through your body!
You die...

### ..# # #o# #
#.#####.###### ..
...#o@o....#
#.##.#..####.#
#.......###
######......#
#...P..#.##.#
#P.≈≈≈...##.##
#..≈≈.........
##..≈≈≈..###..#
#..≈≈≈...#....####


You could see 3 orc priests.

Vanquished Creatures
  2 centaur zombies (D:4)
  A centaur skeleton (D:4)
  A hound zombie (D:4)
  An adder (D:2)
  3 gnolls (D:2)
  2 oozes
  2 adder zombies (D:4)
  2 adder skeletons (D:4)
  7 worms
  A dart slug (D:2)
  3 leopard geckos
  9 orcs
  8 bats
  8 giant cockroaches
  4 goblins
  7 hobgoblins
  12 kobolds
  A quokka (D:3)
  A ball python (D:2)
  A ball python zombie (D:4)
  6 frilled lizards
  A jackal zombie (D:4)
  A leopard gecko zombie (D:4)
  6 rats
90 creatures vanquished.

Notes
Turn   | Place    | Note
-------+----------+-------------------------------------------
     0 | D:1      | marklar909 the Draconian Transmuter began the quest for the
                  | Orb.
     0 | D:1      | Reached XP level 1. HP: 16/16 MP: 3/3
   199 | D:1      | Reached XP level 2. HP: 23/23 MP: 3/5
   525 | D:1      | Learned a level 2 spell: Wereblood
   721 | D:2      | Reached XP level 3. HP: 25/29 MP: 4/6
  1608 | D:2      | Reached XP level 4. HP: 24/37 MP: 2/7
  2068 | D:2      | Learned a level 3 spell: Spider Form
  2524 | D:3      | Reached XP level 5. HP: 40/44 MP: 4/8
  3224 | D:4      | Reached XP level 6. HP: 25/52 MP: 7/9
  3499 | D:4      | Killed from afar by an orc priest

Illustrated notes

Levels and vault maps discovered:
D:1:      dpeg_arrival_signposts, layout_rooms
D:2:      layout_basic, minmay_misc_feat_chi, chequers_serial_rivers_large_b,
          minmay_goblin_kobold_house
D:3:      layout_rooms, corexii_leaking_fountain
D:4:      layout_loops_cross, serial_undead, serial_undead_b, serial_undead_a,
          serial_undead_f, serial_undead_e, serial_undead_f, serial_undead_f,
          minmay_crystal_water

Skill      XL: |  1  2  3  4  5 |
---------------+----------------+-----
Dodging        | 2 3 |  3.7
Fighting       | 2 3 |  3.6
Transmutations | 3 |  3.0
Unarmed Combat | |  3.9
Spellcasting   | |  2.1

Action                   |  1- 3 |  4- 6 || total
-------------------------+-------+-------++-------
Melee: Unarmed           |   107 |   150 ||   257
       Headbutt          |    11 |    18 ||    29
       Kick              |    22 |    31 ||    53
       Tailslap          |     9 |    18 ||    27
       Punch             |     2 |     1 ||     3
 Cast: Beastly Appendage |    25 |    24 ||    49
       Wereblood         |     9 |    18 ||    27
  Use: Scroll            |       |     1 ||     1
 Stab: Sleeping          |     1 |       ||     1
Armor: Skin              |    32 |    43 ||    75
Dodge: Dodged            |    69 |   137 ||   206

Table legend: (Time is in decaauts)
 A = Elapsed time spent in this place.
 B = Non-inter-level travel time spent in this place.
 C = Inter-level travel time spent in this place.
 D = Time resting spent in this place.
 E = Time spent auto-exploring this place.
 F = Levels seen in this place.
 G = Mean time per level.
                   A        B        C        D        E       F      G
               +--------+--------+--------+--------+--------+-----+--------+
         Total |   3510 |   3456 |     54 |     54 |   2778 |   4 |  877.5 |
       Dungeon |   3510 |   3456 |     54 |     54 |   2778 |   4 |  877.5 |
               +--------+--------+--------+--------+--------+-----+--------+

Top non-repeatable levels by time:
     D:2: 1582 daAuts
     D:3: 759 daAuts
     D:4: 641 daAuts
     D:1: 526 daAuts
